 Dungeon Crawl Stone Soup version 0.21-a0-504-g2eda330 (webtiles) character file.

544 Gwenloh the Skirmisher (level 7, -8/55 HPs)
             Began as a Human Fighter on Nov 26, 2017.
             Killed by divine providence
             ... invoked by an orc priest
              (13 damage)
             ... on level 4 of the Dungeon.
             The game lasted 00:20:35 (4293 turns).

Gwenloh the Skirmisher (Human Fighter)              Turns: 4293, Time: 00:20:38

Health: -8/55      AC:  6    Str: 23    XL:     7   Next: 52%
Magic:  7/7        EV:  9    Int:  9    God:
Gold:   182        SH:  5    Dex: 12    Spells: 6/6 levels left

rFire    . . .     SeeInvis .   a - +0 long sword
rCold    . . .     Gourm    .   u - +0 buckler
rNeg     . . .     Faith    .   b - +0 scale mail
rPois    .         Spirit   .   (no helmet)
rElec    .         Reflect  .   r - +0 cloak
rCorr    .         Harm     .   (no gloves)
MR       .....                  s - +0 pair of boots
Stlth    ..........             (no amulet)
HPRegen  0.18/turn              w - -3 ring of protection (curse)
MPRegen  0.10/turn              (no ring)

@: mighty
A: no striking features
a: no special abilities


You were on level 4 of the Dungeon.
You were very hungry.

You visited 1 branch of the dungeon, and saw 4 of its levels.

You collected 182 gold pieces.

Inventory:

Hand Weapons
 a - a +0 long sword (weapon)
 n - a +2 dagger of venom
 t - a +2 short sword of holy wrath
Missiles
 f - 62 bolts
 i - 158 stones (quivered)
 l - 48 sling bullets
 v - 4 tomahawks
Armour
 b - a +0 scale mail (worn)
 c - a +0 shield
 r - a +0 cloak (worn)
 s - a +0 pair of boots (worn)
 u - a +0 buckler (worn)
Jewellery
 w - a cursed -3 ring of protection (left hand)
 x - a +2 ring of protection
Scrolls
 e - 4 scrolls of teleportation
 h - 5 scrolls of identify
 j - 3 scrolls of remove curse
 m - a scroll of enchant armour {unknown}
 o - a scroll of amnesia {unknown}
 p - 2 scrolls of blinking {unknown}
Potions
 g - 2 potions of cancellation
 k - a potion of mutation {unknown}
Books
 q - a book of Callings

   Spells                             Type                      Level
   a - Summon Small Mammal            Summoning                    1
   b - Call Imp                       Summoning                    2
   c - Call Canine Familiar           Summoning                    3
   d - Summon Guardian Golem          Hexes/Summoning              3
   e - Summon Lightning Spire         Summoning/Air                4
   f - Summon Ice Beast               Ice/Summoning                4
Comestibles
 z - a meat ration


   Skills:
 + Level 4.8 Fighting
 + Level 4.1 Long Blades
 + Level 4.7 Armour
 + Level 4.7 Shields


You had 6 spell levels left.
You didn't know any spells.

Dungeon Overview and Level Annotations

Branches:
Dungeon (4/15)
 Temple: D:4-7

Altars:
Dithmenos
Qazlal


Message History

You block the worker ant's attack.
You hit the worker ant.
The worker ant is severely wounded.
The worker ant barely misses you.
You closely miss the worker ant.
The worker ant is severely wounded.
You block the worker ant's attack. The worker ant bites you.
* * * LOW HITPOINT WARNING * * *
You barely miss the worker ant.
The worker ant is severely wounded.
The worker ant bites you.
* * * LOW HITPOINT WARNING * * *
An adder comes into view.
You closely miss the worker ant.
The worker ant is severely wounded.
The adder hisses angrily.
The worker ant barely misses you.
The orc priest calls down the wrath of Beogh upon you.
Beogh smites you!
You die...

###### #....# .
#....# # .
...###....###.#....
..........@ao......
..###....##.S#.###
############....#
.....
............#####
..#.## #.........#..#
..# # #.........##.##
..#
#.........##..####..#
#.........|......#...
#................#


You could see a worker ant, an orc priest and an adder.

Vanquished Creatures
  An ogre (D:4)
  2 orc priests
  A bullfrog skeleton (D:3)
  4 orc wizards
  A hound zombie (D:2)
  6 adders
  5 gnolls
  An ooze (D:3)
  2 worms
  A dart slug (D:1)
  4 leopard geckos
  19 orcs
  3 ball pythons
  A bat skeleton (D:2)
  2 bat zombies (D:2)
  6 giant cockroaches
  7 goblins
  8 hobgoblins
  6 jackals
  2 quokkas
  7 bats
  9 frilled lizards
  A giant cockroach zombie (D:2)
  9 kobolds
  3 leopard gecko skeletons (D:2)
  A leopard gecko zombie (D:2)
  A quokka skeleton (D:2)
  8 rats
121 creatures vanquished.

Vanquished Creatures (others)
  2 withered plants (D:2)
2 creatures vanquished.

Grand Total: 123 creatures vanquished

Notes
Turn   | Place    | Note
-------+----------+-------------------------------------------
     0 | D:1      | Gwenloh the Human Fighter began the quest for the Orb.
     0 | D:1      | Reached XP level 1. HP: 18/18 MP: 1/1
   188 | D:1      | Reached XP level 2. HP: 24/24 MP: 2/2
   415 | D:1      | Reached XP level 3. HP: 24/29 MP: 3/3
   952 | D:2      | Reached XP level 4. HP: 32/35 MP: 4/4
  1301 | D:2      | Found a stormy altar of Qazlal.
  1842 | D:2      | Reached XP level 5. HP: 42/42 MP: 5/5
  1933 | D:2      | Found a shadowy altar of Dithmenos.
  2903 | D:3      | Reached XP level 6. HP: 24/48 MP: 6/6
  3857 | D:3      | Reached XP level 7. HP: 35/55 MP: 7/7
  4293 | D:4      | Killed from afar by an orc priest

Vault maps used:
D:1:      dpeg_arrival_fog, st_stairs_6
D:2:      overflow_temple_1_default, serial_undead, serial_undead_a,
          serial_undead_f, serial_undead_d, serial_undead_e, serial_undead_b,
          serial_undead_e, serial_undead_f, serial_undead_f,
          nicolae_qazlal_general_emergency

Skill      XL: |  1  2  3  4  5  6  7 |
---------------+----------------------+-----
Long Blades    | 3 4 |  4.1
Fighting       | 4 |  4.8
Shields        | 4 |  4.7
Armour         | 4 |  4.7

Action                   |  1- 3 |  4- 6 |  7- 9 || total
-------------------------+-------+-------+-------++-------
Melee: Long sword        |   117 |   325 |    23 ||   465
Throw: Stone             |     4 |     6 |       ||    10
  Use: Scroll            |       |     3 |       ||     3
       Potion            |       |       |     1 ||     1
  Eat: Chunk             |       |     6 |       ||     6
       Bread ration      |       |     1 |       ||     1
Armor: Scale mail        |    71 |   155 |     2 ||   228
Dodge: Dodged            |    35 |   127 |     8 ||   170
Block: Shield            |    62 |   108 |       ||   170
       Buckler           |       |    29 |     3 ||    32
       Rpst.: Long sword |    11 |    34 |     2 ||    47

Table legend:
 A = Spawn XP
 B = Non-spawn XP
 C = Spawn XP percentage of total XP
 D = Spawn monster count
 E = Non-spawn monster count
 F = Spawn count percentage of total count
 G = Total turns spent on level
                    A         B        C        D         E        F      G
               +---------+---------+-------+---------+---------+-------+---------
         Total |       0 |     778 |   0.0 |       0 |     121 |   0.0 |  4293
               +---------+---------+-------+---------+---------+-------+---------
           D:1 |       0 |      44 |   0.0 |       0 |      26 |   0.0 |   887
           D:2 |       0 |     115 |   0.0 |       0 |      39 |   0.0 |  1417
           D:3 |       0 |     363 |   0.0 |       0 |      48 |   0.0 |  1791
           D:4 |       0 |     256 |   0.0 |       0 |       8 |   0.0 |   198
               +---------+---------+-------+---------+---------+-------+---------
